 Dungeon Crawl Stone Soup version 0.28-a0-2-g643f2454ad (webtiles) character file.

Game seed: 6051499104505582397

270 pkoi the Insei (level 6, -4/47 HPs)
             Began as a Demonspawn Monk on July 23, 2021.
             Slain by a wyvern zombie (11 damage)
             ... on level 7 of the Dungeon.
             The game lasted 00:05:03 (4582 turns).

pkoi the Insei (Demonspawn Monk)                    Turns: 4582, Time: 00:05:04

Health: -4/47      AC:  7    Str: 13    XL:     6   Next: 1%
Magic:  3/6        EV: 12    Int: 12    God:
Gold:   145        SH:  0    Dex: 15    Spells: 2/5 levels left

rFire   . . .      SeeInvis .     - Unarmed
rCold   . . .      Faith    .   (no shield)
rNeg    . . .      Spirit   .   a - +0 robe
rPois   .          Reflect  .   i - +1 helmet
rElec   .          Harm     .   (no cloak)
rCorr   .          Rampage  .   (no gloves)
Will    .....                   (no boots)
Stlth   ++........              (no amulet)
HPRegen 0.15/turn               (no ring)
MPRegen 0.10/turn               (no ring)

@: very slightly contaminated, slowed, very slow
A: icy blue scales 2, spiny 1, demonic magic 1
a: no special abilities


You were on level 7 of the Dungeon.
You visited 1 branch of the dungeon, and saw 5 of its levels.
You also visited: Sewer.

You collected 145 gold pieces.

Inventory:

Missiles
 g - 4 javelins (quivered)
Armour
 a - a +0 robe (worn)
 i - a +1 helmet (worn)
Scrolls
 c - 2 scrolls of identify
 e - a scroll of magic mapping
Potions
 h - 2 potions of curing
 j - 2 potions of heal wounds
 k - 2 potions of flight
 l - a potion of invisibility {unknown}


   Skills:
 - Level 3.0 Fighting
 - Level 2.6 Dodging
 - Level 1.7 Stealth
 + Level 6.2 Unarmed Combat
 + Level 0.0 Spellcasting
 + Level 0.0 Hexes


You had 2 spell levels left.
You knew the following spells:

 Your Spells              Type           Power      Damage    Failure   Level
a - Confusing Touch       Hex            0%         N/A       69%         3

Your spell library contained the following spells:

 Spells                   Type           Power      Damage    Failure   Level
 Slow                     Hex            0%         N/A       45%         2
 Static Discharge         Conj/Air       0%         N/A       45%         2
 Vampiric Draining        Necr           0%         2d6       69%         3
 Lightning Bolt           Conj/Air       0%         1d11      100%        5
 Maxwell's Capacitive Co  Air            0%         ∞         100%        8


Dungeon Overview and Level Annotations

Branches:
Dungeon (4/15)              Sewer (visited)
 Temple: D:4-7

Altars:
Kikubaaqudgha
Uskayaw
Zin

Shops:
D:2 (   D:3 *

Annotations:
D:2 1 runed translucent door, Crazy Yiuf
D:4 2 runed translucent doors


Innate Abilities, Weirdness & Mutations

You are mostly covered in icy blue scales. (AC +3)
You are partially covered in sharp spines.
Spells you cast may paralyse adjacent enemies.


Message History

You start resting.
HP restored.
You climb downwards.
Level annotation: 2 runed translucent doors
There is a stone staircase leading up here.
You don't know any spells.
This spell is quite dangerous to cast!
Memorise Confusing Touch, consuming 3 spell levels and leaving 2?
You start memorising the spell.
You continue memorising. x3
You finish memorising.
Spell assigned to 'a'.
You fall into a shaft and drop 3 floors!
The shaft crumbles and collapses.
Found a hunting sling and a ring mail.
A wyvern zombie comes into view.
Found a stone staircase leading down.
Casting: Confusing Touch (quite dangerous; 69% risk of failure)
Confirm with . or Enter, or press ? or * to list all spells.
The spell is quite dangerous to cast (69% risk of failure)!
Continue anyway?
You miscast Confusing Touch.
You are very lightly contaminated with residual magic.
You feel a bit tired.
You feel yourself slow down. The wyvern zombie misses you.
You hit the wyvern zombie.
The wyvern zombie is lightly damaged.
The wyvern zombie bites you!
The wyvern zombie is struck by your spines.
The wyvern zombie bites you!
You hit the wyvern zombie but do no damage.
The wyvern zombie is lightly damaged.
The wyvern zombie closely misses you.
You punch the wyvern zombie!
The wyvern zombie is moderately damaged.
The wyvern zombie is struck by your spines.
The wyvern zombie bites you! x2
* * * LOW HITPOINT WARNING * * *
You punch the wyvern zombie!
The wyvern zombie is severely damaged.
The wyvern zombie bites you but does no damage.
The wyvern zombie bites you!
You die...

#### ....
...> ### ...
..# # #.#
#.#.####
#..##.#....#
#..#...##
#.@Z#..##..
###.......[
#........
#....)...
#........
#........
#........
#........
#........


You could see a wyvern zombie.

Vanquished Creatures
  A kobold brigand (Sewer)
  Terence (D:2)
  An iguana (D:4)
  Robin (D:1)
  2 adders (D:3)
  3 river rats (Sewer)
  An ufetubus (D:3)
  A worm (D:1)
  2 dart slugs
  2 orcs (D:3)
  3 ball pythons
  6 endoplasms
  A giant cockroach (D:1)
  4 hobgoblins
  4 jackals
  5 quokkas
  2 bats
  6 frilled lizards (D:1)
  14 goblins
  11 kobolds
  13 rats
84 creatures vanquished.

Vanquished Creatures (others)
  A human (D:3)
  5 plants (D:1)
6 creatures vanquished.

Grand Total: 90 creatures vanquished

Notes
Turn   | Place    | Note
-------+----------+-------------------------------------------
     0 | D:1      | pkoi the Demonspawn Monk began the quest for the Orb.
     0 | D:1      | Reached XP level 1. HP: 18/18 MP: 1/1
    78 | D:1      | Reached skill level 3 in Unarmed Combat
    83 | D:1      | Gained mutation: You are partially covered in icy blue
                  | scales. (AC +2) [demonic ancestry]
    83 | D:1      | Reached XP level 2. HP: 15/24 MP: 2/2
  1175 | D:2      | Gained mutation: You are mostly covered in icy blue scales.
                  | (AC +3) [demonic ancestry]
  1175 | D:2      | Reached XP level 3. HP: 21/29 MP: 3/3
  1343 | D:2      | Found a hide-covered altar of Uskayaw.
  1366 | D:2      | Reached skill level 4 in Unarmed Combat
  1370 | D:2      | Noticed Robin
  1929 | D:1      | Killed Robin
  2260 | D:2      | Noticed Terence
  2287 | D:2      | Killed Terence
  2288 | D:2      | Reached XP level 4. HP: 10/35 MP: 4/4
  2292 | D:2      | HP: 1/35 [frozen (5)]
  2809 | D:2      | Found a runed translucent door.
  2810 | D:2      | Noticed Crazy Yiuf
  2920 | D:2      | Found Iqakhlo's Weapon Shoppe.
  3045 | D:3      | Found Zin's Purification Station.
  3065 | D:3      | Found a glowing drain.
  3081 | D:3      | Reached skill level 5 in Unarmed Combat
  3087 | Sewer    | Entered a sewer
  3127 | Sewer    | Gained mutation: You are partially covered in sharp spines.
                  | [demonic ancestry]
  3127 | Sewer    | Reached XP level 5. HP: 18/41 MP: 5/5
  4031 | D:3      | Found a faded altar of an unknown god.
  4219 | D:3      | Reached skill level 6 in Unarmed Combat
  4237 | D:3      | Found an ancient bone altar of Kikubaaqudgha.
  4239 | D:3      | Noticed a human
  4240 | D:3      | Killed a human
  4464 | D:4      | Found a runed translucent gate.
  4464 | D:4      | Found a runed translucent gate.
  4472 | D:4      | Gained mutation: Spells you cast may paralyse adjacent
                  | enemies. [demonic ancestry]
  4472 | D:4      | Reached XP level 6. HP: 32/47 MP: 6/6
  4572 | D:4      | Learned a level 3 spell: Confusing Touch
  4573 | D:4      | You fall into a shaft and drop 3 floors!
  4582 | D:7      | Slain by a wyvern zombie

Illustrated notes

Levels and vault maps discovered:
D:1:      co_arrival_two_rings, layout_loops_ring, lexackson_kobold_supper
D:2:      layout_rooms, basic_altar, serial_shops, shop,
          uniq_crazy_yiuf_cottage, uniq_terence, uniq_robin
D:3:      layout_rooms, tgw_kikubaaqudgha, zin_purify,
          shapermc_ecumenical_altar_venn, cheibrodos_sewer_entry_drain
D:4:      layout_layer_cave, gammafunk_ghost_icy, minmay_bent
D:7:      layout_rooms

Skill      XL: |  1  2  3  4  5 |
---------------+----------------+-----
Unarmed Combat | 3 4 5 6 |  6.2
Fighting       | |  3.0
Dodging        | |  2.6
Stealth        | |  1.7

Action                   |  1- 3 |  4- 6 || total
-------------------------+-------+-------++-------
Melee: Unarmed           |   194 |   131 ||   325
       Punch             |     4 |     4 ||     8
  Use: Potion            |     2 |       ||     2
       Scroll            |       |     4 ||     4
 Stab: Sleeping          |     3 |     5 ||     8
Armor: Robe              |    53 |    31 ||    84
Dodge: Dodged            |   132 |    66 ||   198

Table legend: (Time is in decaauts)
 A = Elapsed time spent in this place.
 B = Non-inter-level travel time spent in this place.
 C = Inter-level travel time spent in this place.
 D = Time resting spent in this place.
 E = Time spent auto-exploring this place.
 F = Levels seen in this place.
 G = Mean time per level.
                   A        B        C        D        E       F      G
               +--------+--------+--------+--------+--------+-----+--------+
         Total |   4601 |   4507 |     94 |   1724 |   2026 |   6 |  766.8 |
       Dungeon |   3914 |   3820 |     94 |   1280 |   1905 |   5 |  782.8 |
         Sewer |    687 |    687 |      0 |    444 |    120 |   1 |  687.0 |
               +--------+--------+--------+--------+--------+-----+--------+

Top non-repeatable levels by time:
     D:1: 2233 daAuts
     D:3: 867 daAuts
     D:2: 781 daAuts
   Sewer: 687 daAuts
     D:4: 22 daAuts
     D:7: 9 daAuts
